 Dungeon Crawl Stone Soup version 0.28.0 (webtiles) character file.

Game seed: 11063596366825448716

2219 Peloso the Carver (level 9, 0/78 HPs)
             Began as a Minotaur Fighter on Feb 10, 2022.
             Succumbed to a hornet's poison
             ... on level 7 of the Dungeon.
             The game lasted 00:12:15 (6905 turns).

Peloso the Carver (Minotaur Fighter)                Turns: 6905, Time: 00:12:16

Health: 0/78       AC: 17    Str: 22    XL:     9   Next: 13%
Magic:  8/8        EV:  8    Int:  5    God:
Gold:   274        SH:  5    Dex: 13    Spells: 8/8 levels left

rFire   + . .      SeeInvis .   a - +0 long sword
rCold   . . .      Faith    .   c - +0 buckler
rNeg    . . .      Spirit   .   g - +3 chain mail {rF+}
rPois   .          Reflect  .   (helmet restricted)
rElec   .          Harm     .   z - +0 cloak
rCorr   .          Rampage  .   B - +1 pair of gloves
Will    .....      Clarity  +   (no boots)
Stlth   ..........              (no amulet)
HPRegen 0.23/turn               (no ring)
MPRegen 0.11/turn               (no ring)

@: lethally poisoned (0 -> -3), flying
A: horns 2, retaliatory headbutt, clarity, mutation resistance 1
a: no special abilities


You were on level 7 of the Dungeon.
You visited 2 branches of the dungeon, and saw 8 of its levels.

You collected 318 gold pieces.
You spent 44 gold pieces at shops.

Inventory:

Hand Weapons
 a - a +0 long sword (weapon)
Armour
 b - a +0 scale mail
 c - a +0 buckler (worn)
 g - a +3 chain mail of fire resistance (worn)
 z - a +0 cloak (worn)
 B - a +1 pair of gloves (worn)
Jewellery
 f - an amulet of faith
 h - a ring of protection from fire
 m - a ring of positive energy
 v - a ring of magical power
Wands
 w - a wand of digging (3)
 x - a wand of paralysis (11)
Scrolls
 e - 4 scrolls of teleportation
 i - 6 scrolls of vulnerability {unknown}
 k - a scroll of enchant armour {unknown}
 l - 6 scrolls of identify {unknown}
 n - a scroll of blinking {unknown}
 s - a scroll of enchant weapon {unknown}
 u - a scroll of summoning {unknown}
 y - a scroll of magic mapping {unknown}
 C - a scroll of silence {unknown}
Potions
 d - a potion of might
 o - 2 potions of haste
 p - a potion of heal wounds {unknown}
 q - a potion of ambrosia {unknown}
 r - 2 potions of mutation
 t - a potion of cancellation
 A - a potion of flight


   Skills:
 + Level 6.7 Fighting
 + Level 10.0 Long Blades
 + Level 7.8 Armour
 + Level 2.1 Dodging
 + Level 1.1 Stealth
 + Level 6.2 Shields


You had 8 spell levels left.
You didn't know any spells.
Your spell library contained the following spells:

 Spells                   Type           Power      Damage    Failure   Level
 Frozen Ramparts          Ice            0%         1d2       100%        3
 Ice Form                 Ice/Tmut       0%         N/A       100%        4
 Summon Ice Beast         Ice/Summ       0%         N/A       100%        4


Dungeon Overview and Level Annotations

Branches:
Dungeon (7/15)             Temple (1/1) D:6

Altars:
Ashenzari
Elyvilon
Gozag
Hepliaklqana
Kikubaaqudgha
Makhleb
Nemelex Xobeh
Qazlal
Ru
Sif Muna
Trog
Uskayaw
Vehumet
Wu Jian
Xom
Yredelemnul
Zin

Shops:
D:2 !   D:5 (

Annotations:
D:3 1 runed translucent door, martbhell's ghost, novice MiBe
D:4 1 runed translucent door, wpisznazwe's ghost, weakling DsDe
D:7 Harold; Maggie


Innate Abilities, Weirdness & Mutations

You have a pair of horns on your head.
You reflexively headbutt those who attack you in melee.
You possess an exceptional clarity of mind.
You are somewhat resistant to further mutation.


Message History

The centaur wields a +0 shortbow.
The centaur shoots an arrow.
The arrow hits you.
* * * LOW HITPOINT WARNING * * *
You feel better. The hornet stings you!
* * * LOW HITPOINT WARNING * * *
You are lethally poisoned!
You feel yourself slow down. You block the hornet's attack.
The centaur shoots an arrow.
You block the arrow.
As you read the scroll of teleportation, it crumbles to dust.
You feel strangely unstable.
You feel yourself speed up.
* * * LOW HITPOINT WARNING * * *
You feel very sick.
The hornet stings you but does no damage.
The centaur shoots an arrow.
The arrow closely misses you.
The hornet stings you but does no damage.
The centaur shoots an arrow.
The arrow hits you.
* * * LOW HITPOINT WARNING * * *
It was a potion of haste.
You feel yourself speed up.
* * * LOW HITPOINT WARNING * * *
You feel sick.
The hornet stings you but does no damage.
You block the hornet's attack.
The centaur shoots an arrow.
The arrow hits you but does no damage.
It was a potion of mutation.
You feel extremely strange.
Your thoughts seem clearer.
You feel genetically stable.
* * * LOW HITPOINT WARNING * * *
You feel sick.
The hornet stings you but does no damage.
It was a potion of cancellation.
You feel strangely stable.
Your magical effects are unravelling.
You feel magically purged.
You feel yourself slow down.
The sentinel's mark upon you fades away.
The hornet stings you but does no damage.
It was a potion of flight.
You feel very buoyant.
You fly up into the air.
You die...

..# ..#
#.#######..
..#
#.........
....
#........#
....
#........#
...
#........#
#........##
####....y...#
......c@....#
............#
............#
.?.....######
...#### .#


You could see a hornet and a centaur.

Vanquished Creatures
  2 wyverns
  A water moccasin (Temple)
  A sky beast (D:5)
  A black bear (D:6)
  3 ogres
  A centaur (D:6)
  A phantom (D:5)
  Blork the orc (D:6)
  A gnoll sergeant (D:7)
  2 scorpions
  2 water moccasin skeletons
  6 hounds
  3 orc priests
  3 bullfrog skeletons
  A jelly (D:5)
  Terence (D:2)
  Natasha (twice) (D:2)
  5 orc wizards
  A hound skeleton (D:5)
  A howler monkey zombie (D:5)
  4 gnolls
  11 adders
  4 white imps
  An ufetubus (D:5)
  An adder zombie (D:5)
  2 worms
  3 dart slugs
  16 orcs
  5 bats
  3 endoplasms
  2 giant cockroaches
  8 goblins
  9 hobgoblins
  9 jackals
  7 kobolds
  2 quokkas (D:2)
  4 ball pythons
  3 frilled lizards
  7 rats
140 creatures vanquished.

Notes
Turn   | Place    | Note
-------+----------+-------------------------------------------
     0 | D:1      | Peloso the Minotaur Fighter began the quest for the Orb.
     0 | D:1      | Reached XP level 1. HP: 19/19 MP: 0/0
    26 | D:1      | You fall into a shaft and drop 1 floor!
    48 | D:2      | Reached XP level 2. HP: 12/27 MP: 1/1
    66 | D:2      | Reached XP level 3. HP: 5/33 MP: 2/2
   371 | D:2      | Noticed Natasha
   379 | D:2      | Killed Natasha
   380 | D:2      | Reached skill level 3 in Long Blades
   438 | D:2      | Noticed Terence
   458 | D:2      | Killed Terence
   459 | D:2      | Reached XP level 4. HP: 22/41 MP: 3/3
  1165 | D:2      | Noticed Natasha
  1171 | D:2      | Killed Natasha
  1172 | D:2      | Reached skill level 4 in Long Blades
  1172 | D:2      | Reached XP level 5. HP: 46/47 MP: 4/4
  1236 | D:2      | Found Rynteej's Distillery.
  1256 | D:2      | Bought a potion of curing for 33 gold pieces
  1256 | D:2      | Bought a potion of degeneration for 11 gold pieces
  2065 | D:3      | Found a runed translucent door.
  2065 | D:3      | Noticed martbhell's ghost (novice MiBe)
  2345 | D:3      | Found a faded altar of an unknown god.
  2543 | D:3      | Reached skill level 5 in Long Blades
  2934 | D:4      | Reached XP level 6. HP: 42/55 MP: 5/5
  3319 | D:4      | Reached skill level 5 in Armour
  3520 | D:4      | Noticed a wyvern
  3530 | D:4      | Killed a wyvern
  3531 | D:4      | Reached skill level 5 in Fighting
  3531 | D:4      | Reached skill level 6 in Long Blades
  3531 | D:4      | Reached skill level 1 in Dodging
  3699 | D:4      | Found a runed translucent door.
  3700 | D:4      | Noticed wpisznazwe's ghost (weakling DsDe)
  3724 | D:4      | Found an ornate altar of the Wu Jian Council.
  3903 | D:5      | Entered Level 5 of the Dungeon
  3920 | D:5      | Noticed a sky beast
  3930 | D:5      | Reached XP level 7. HP: 61/61 MP: 6/6
  3978 | D:5      | Reached skill level 5 in Shields
  4103 | D:5      | Reached skill level 7 in Long Blades
  4318 | D:5      | Found Raest's Antique Weapon Emporium.
  4390 | D:5      | Reached XP level 8. HP: 66/70 MP: 7/7
  4508 | D:5      | Reached skill level 8 in Long Blades
  5238 | D:6      | Found a staircase to the Ecumenical Temple.
  5284 | Temple   | Entered the Ecumenical Temple
  5418 | D:6      | Reached skill level 9 in Long Blades
  5998 | D:6      | Noticed Blork the orc
  6004 | D:6      | Killed Blork the orc
  6005 | D:6      | Reached skill level 1 in Stealth
  6488 | D:6      | Reached XP level 9. HP: 76/78 MP: 8/8
  6866 | D:7      | Noticed Harold
  6880 | D:7      | Noticed Maggie
  6886 | D:7      | Reached skill level 10 in Long Blades
  6901 | D:7      | HP: 3/78 [centaur/arrow (2)]
  6902 | D:7      | HP: 1/78 [poisoned by a hornet]
  6903 | D:7      | Gained mutation: You possess an exceptional clarity of
                  | mind. [potion of mutation]
  6903 | D:7      | Gained mutation: You are somewhat resistant to further
                  | mutation. [potion of mutation]
  6905 | D:7      | Succumbed to a hornet's poison

Illustrated notes

Levels and vault maps discovered:
D:1:      shiori_arrival_maze, layout_loops_cross, chequers_decorated_corner
D:2:      layout_basic, serial_shops, shop, minmay_nonomino_d4, uniq_terence,
          uniq_natasha
D:3:      layout_loops_ring, nicolae_ecumenical_snake_handling,
          hellmonk_ghost_happy_afterlife
D:4:      layout_rooms, nzn_wu_jian_contemplation, gammafunk_ghost_grave,
          minmay_hedge_maze
D:5:      minmay_recursive_quarters, layout_cave_pools, serial_shops, shop
D:6:      layout_loops_corners, minmay_temple_entry_junction_2,
          uniq_blork_the_orc
D:7:      layout_basic, st_stairs_9, uniq_harold, uniq_maggie
Temple:   lightli_temple_of_artemis

Skill      XL: |  1  2  3  4  5  6  7  8  9 |
---------------+----------------------------+-----
Armour         | 4 5 6 7 |  7.8
Fighting       | 4 5 6 |  6.7
Shields        | 4 5 6 |  6.2
Long Blades    | 3 4 5 6 7 9 10 | 10.0
Dodging        | 1 2 |  2.1
Stealth        | 1 |  1.1

Action                   |  1- 3 |  4- 6 |  7- 9 || total
-------------------------+-------+-------+-------++-------
Melee: Long sword        |    67 |   183 |   225 ||   475
       Headbutt          |     8 |    25 |    35 ||    68
  Use: Scroll            |       |     1 |     2 ||     3
       Potion            |       |       |     7 ||     7
Armor: Scale mail        |    25 |     2 |       ||    27
       Chain mail        |       |   104 |   164 ||   268
Dodge: Dodged            |    26 |    50 |    85 ||   161
Block: Buckler           |    17 |    54 |    65 ||   136
